 Dungeon Crawl Stone Soup version 0.29.1-2-gbd0b4ee654 (webtiles) character file.

Game seed: 2459639514511031846

7233 mortz the Severer (level 11, -13/95 HPs)
             Began as a Hill Orc Monk on Nov 12, 2022.
             Was an Elder of Beogh.
             Mangled by an orc knight
             ... wielding a +0 war axe
              (32 damage)
             ... in a bailey.
             The game lasted 00:49:37 (8962 turns).

mortz the Severer (Hill Orc Monk)                   Turns: 8962, Time: 00:49:39

Health: -13/95     AC: 15    Str: 19    XL:     11   Next: 12%
Magic:  17/17      EV: 13    Int: 10    God:    Beogh [****..]
Gold:   423        SH:  0    Dex: 13    Spells: 10/10 levels left

rFire   . . .      SeeInvis .   a - +3 battleaxe
rCold   . . .      Faith    .   (shield currently unavailable)
rNeg    . . .      Spirit   .   Q - +0 acid dragon scales
rPois   .          Reflect  .   (no helmet)
rElec   .          Harm     .   K - +1 cloak
rCorr   +          Rampage  .   f - +0 pair of gloves
Will    .....                   m - +0 pair of boots
Stlth   ++........              (no amulet)
HPRegen 0.25/turn               g - +4 ring of protection
MPRegen 0.15/turn               t - +4 ring of slaying

@: mighty
A: no striking features
a: Renounce Religion, Smiting, Recall Orcish Followers


You were in a bailey.
You worshipped Beogh.
Beogh was greatly pleased with you.
You visited 1 branch of the dungeon, and saw 10 of its levels.
You also visited: Bailey.

You collected 493 gold pieces.
You spent 70 gold pieces at shops.

Inventory:

Hand Weapons
 a - a +3 battleaxe (weapon)
 z - a +2 halberd of freezing
 C - a +3 spear
 W - a +2 hand axe of venom
 X - a +0 war axe
 Y - a +2 glaive of venom
Missiles
 o - 8 curare-tipped darts
 G - 6 javelins
 N - 12 atropa-tipped darts
 V - 19 boomerangs
 Z - 15 poisoned darts (quivered)
Armour
 f - a +0 pair of gloves (worn)
 m - a +0 pair of boots (worn)
 u - the +0 helmet "Jalineq" {rElec Will+ Str-5}
   (You took it off Robin on level 3 of the Dungeon)

   Str:       It affects your strength (-5).
   rElec:     It insulates you from electricity.
   Will:      It increases your willpower.
 B - the +3 leather armour of Experimentation {rC- rN+ SInv}
   (You found it on level 4 of the Dungeon)

   rC:        It makes you vulnerable to cold.
   rN:        It protects you from negative energy.
   SInv:      It lets you see invisible.
 E - an orb of light
 K - a +1 cloak (worn)
 Q - +0 acid dragon scales (worn)
Jewellery
 g - a +4 ring of protection (left hand)
 t - a +4 ring of slaying (right hand)
 L - a ring of magical power
 T - a ring of fire
 U - an amulet of faith
Wands
 d - a wand of quicksilver (4)
 e - a wand of charming (6)
 y - a wand of polymorph (5)
 J - a wand of digging (6)
 P - a wand of flame (27)
 S - a wand of roots (7)
Scrolls
 b - a scroll of vulnerability
 p - 8 scrolls of teleportation
 q - 3 scrolls of blinking
 r - 3 scrolls of magic mapping
 F - 3 scrolls of butterflies
 H - a scroll of poison
 O - a scroll of silence
 R - a scroll of enchant armour {unknown}
Potions
 c - a potion of ambrosia
 h - 2 potions of attraction
 i - 2 potions of brilliance
 j - a potion of resistance {unknown}
 k - 3 potions of lignification
 l - a potion of might
 n - a potion of magic {unknown}
 s - a potion of berserk rage {unknown}
 w - a potion of heal wounds
 x - 2 potions of haste {unknown}
 A - a potion of flight {unknown}
 D - a potion of degeneration {unknown}
 I - 6 potions of curing
Miscellaneous
 v - a phantom mirror


   Skills:
 + Level 8.3 Fighting
 + Level 15.1 Axes
 + Level 2.4 Throwing
 + Level 4.6 Armour
 + Level 4.8 Dodging
 + Level 3.4 Stealth
 * Level 8.9 Invocations


You had 10 spell levels left.
You didn't know any spells.
Your spell library contained the following spells:

 Spells                   Type           Power      Damage    Failure   Level
 Scorch                   Fire           0%         2d5       58%         2
 Call Canine Familiar     Summ           0%         N/A       82%         3
 Inner Flame              Hex/Fire       0%         N/A       82%         3
 Portal Projectile        Hex/Tloc       0%         N/A       82%         3
 Animate Armour           Summ/Erth      0%         N/A       99%         4
 Cause Fear               Hex            0%         N/A       99%         4
 Flame Wave               Conj/Fire      0%         2d4       99%         4
 Leda's Liquefaction      Hex/Erth       0%         N/A       99%         4
 Petrify                  Tmut/Erth      0%         N/A       99%         4
 Blade Hands              Tmut           0%         N/A       100%        5
 Metabolic Englaciation   Hex/Ice        0%         N/A       100%        5
 Iron Shot                Conj/Erth      0%         9d1       100%        6
 Statue Form              Tmut/Erth      0%         N/A       100%        6
 Summon Cactus Giant      Summ           0%         N/A       100%        6
 Discord                  Hex            0%         N/A       100%        8


Dungeon Overview and Level Annotations

Branches:
Dungeon (10/15) Zot: 26797  Temple (0/1) D:6             Orc (0/2) D:9
 Bailey (1/1) Zot: 5750
   Lair: D:8-11

Altars:
Nemelex Xobeh
Okawaru
Qazlal
Trog
Uskayaw
Yredelemnul

Shops:
D:4 !

Annotations:
D:7 3 runed translucent doors, PorkyPig's ghost, novice DrCj


Message History

You hit the orc knight.
The orc knight is heavily wounded.
You closely miss the orc knight.
The orc knight is heavily wounded.
You slash the orc warrior!
The orc knight hits you with a +0 war axe!
The orc warrior hits you with a +0 broad axe!
You hit the orc knight.
The orc knight is heavily wounded.
You hit the orc warrior.
The orc knight hits you with a +0 war axe.
The orc warrior barely misses you.
You hit the orc knight but do no damage.
The orc knight is heavily wounded.
You slash the orc warrior! The orc knight barely misses you.
The orc warrior hits you with a +0 broad axe!
* * * LOW HITPOINT WARNING * * *
You hit the orc knight.
The orc knight is severely wounded.
You hit the orc warrior.
The orc warrior hits you with a +0 broad axe!
* * * LOW HITPOINT WARNING * * *
You feel much better.
The orc knight hits you with a +0 war axe.
You feel very mighty all of a sudden.
The orc knight hits you with a +0 war axe.
The orc warrior hits you with a +0 broad axe.
You closely miss the orc knight.
The orc knight is heavily wounded.
You closely miss the orc warrior.
The orc knight hits you with a +0 war axe!
* * * LOW HITPOINT WARNING * * *
The orc warrior closely misses you.
You barely miss the orc knight.
The orc knight is heavily wounded.
You slice the orc warrior!!
You kill the orc warrior!
Beogh accepts your kill.
The orc knight hits you with a +0 war axe!!
You die...

.............
.......(....
..(........ ....(...
...... #.(. ###o###
##..o@.## #...8...#
#∩...).∩# ##.....##
####'''####
##~.......~##
#####~~.......~~#####
#....~~.......~~....#
#.###~~.......~~###.#


You could see an orc knight (strong) and an orc warrior (strong).

Vanquished Creatures
  An orc knight (Bailey)
  A kobold demonologist (D:9)
  10 yaks
  A steam dragon (D:8)
  2 swamp worms (D:9)
  2 acid dragons
  A water moccasin (D:5)
  4 orc warriors
  A sky beast (D:7)
  An ice beast (D:8)
  2 black bears
  2 ogres
  3 centaurs (D:7)
  7 kobold brigands (Bailey)
  A necrophage (D:6)
  3 bullfrogs
  5 scorpions
  9 wights
  A howler monkey (D:4)
  4 hounds
  A jelly (D:7)
  5 orc priests
  Jessica (D:2)
  4 iguanas
  Ijyb (D:3)
  16 orc wizards
  Robin (D:3)
  10 adders
  2 shadow imps
  5 white imps
  An ufetubus (D:7)
  2 worms (D:3)
  2 dart slugs (D:1)
  15 orcs
  8 endoplasms
  4 giant cockroaches
  19 goblins
  8 hobgoblins
  13 jackals
  2 quokkas (D:3)
  4 ball pythons
  14 bats
  4 frilled lizards
  13 kobolds
  6 rats
222 creatures vanquished.

Vanquished Creatures (collateral kills)
  A two-headed ogre (D:9)
  2 yaks
  A wyvern (D:9)
  3 orc warriors (D:9)
  A bullfrog (D:8)
  3 orc wizards
  4 orcs (D:9)
15 creatures vanquished.

Vanquished Creatures (others)
  2 orc warriors (D:9)
  An orc priest (D:9)
  17 orcs
  3 fungi (D:6)
  11 plants
34 creatures vanquished.

Grand Total: 271 creatures vanquished

Notes
Turn   | Place    | Note
-------+----------+-------------------------------------------
     0 | D:1      | mortz the Hill Orc Monk began the quest for the Orb.
     0 | D:1      | Reached XP level 1. HP: 19/19 MP: 1/1
   474 | D:1      | Reached XP level 2. HP: 21/27 MP: 2/2
   736 | D:1      | Reached XP level 3. HP: 33/33 MP: 3/3
   813 | D:1      | Found a faded altar of an unknown god.
   951 | D:1      | Reached skill level 5 in Axes
  1568 | D:2      | Found an iron altar of Okawaru.
  1574 | D:2      | Reached XP level 4. HP: 38/40 MP: 4/4
  1833 | D:3      | Noticed Jessica
  1843 | D:2      | Killed Jessica
  1844 | D:2      | Reached skill level 1 in Armour
  2042 | D:3      | Noticed Ijyb
  2159 | D:3      | Killed Ijyb
  2160 | D:3      | Reached skill level 6 in Axes
  2160 | D:3      | Reached XP level 5. HP: 41/46 MP: 5/5
  2368 | D:3      | Identified the +0 helmet "Jalineq" {rElec Will+ Str-5}
  2368 | D:3      | Noticed Robin
  2387 | D:3      | Killed Robin
  2720 | D:4      | Noticed an ogre
  2878 | D:4      | Found Koriodes's Distillery.
  2888 | D:4      | Bought a potion of heal wounds for 70 gold pieces
  2940 | D:4      | Reached XP level 6. HP: 34/53 MP: 6/6
  2995 | D:4      | Reached skill level 7 in Axes
  3409 | D:4      | Identified the +3 leather armour of Experimentation {rC-
                  | rN+ SInv}
  3476 | D:4      | Found a sparkling altar of Nemelex Xobeh.
  3625 | D:4      | Reached XP level 7. HP: 60/60 MP: 7/7
  3693 | D:4      | Reached skill level 5 in Fighting
  3755 | D:5      | Entered Level 5 of the Dungeon
  3858 | D:5      | Became a worshipper of Beogh the Brigand
  3858 | D:5      | Reached * piety under Beogh
  3858 | D:5      | Reached ** piety under Beogh
  3892 | D:5      | Reached skill level 8 in Axes
  4065 | D:5      | Found a hide-covered altar of Uskayaw.
  4065 | D:5      | Noticed a +0 falchion
  4065 | D:5      | Noticed a +0 dagger
  4072 | D:5      | Noticed a +0 short sword
  4072 | D:5      | Noticed a +0 spear
  4072 | D:5      | Noticed a +0 short sword
  4074 | D:5      | Noticed a +0 falchion
  4074 | D:5      | Noticed a +0 dagger
  4074 | D:5      | Noticed a +0 spear
  4293 | D:5      | Reached skill level 1 in Throwing
  4293 | D:5      | Reached skill level 1 in Invocations
  4564 | D:6      | Found a staircase to the Ecumenical Temple.
  4618 | D:6      | Reached XP level 8. HP: 65/69 MP: 9/9
  4652 | D:6      | Reached skill level 9 in Axes
  5006 | D:6      | Reached skill level 10 in Axes
  5513 | D:7      | Reached *** piety under Beogh
  5519 | D:7      | Reached XP level 9. HP: 73/75 MP: 12/12
  5561 | D:7      | Reached skill level 5 in Invocations
  5581 | D:7      | Reached skill level 11 in Axes
  5738 | D:7      | Found a runed translucent gate.
  5738 | D:7      | Found a runed translucent gate.
  5738 | D:7      | Found a runed translucent gate.
  5744 | D:7      | Noticed PorkyPig's ghost (novice DrCj)
  6645 | D:8      | Reached skill level 12 in Axes
  6825 | D:8      | Found a stormy altar of Qazlal.
  7012 | D:8      | Found a bloodstained altar of Trog.
  7255 | D:9      | Reached XP level 10. HP: 86/86 MP: 13/15
  7275 | D:9      | Reached skill level 13 in Axes
  7375 | D:9      | Noticed a two-headed ogre
  7383 | D:9      | Killed a two-headed ogre
  7390 | D:9      | Found a basalt altar of Yredelemnul.
  7659 | D:9      | Noticed a kobold demonologist
  7668 | D:9      | Noticed a sixfirhy
  7676 | D:9      | Killed a kobold demonologist
  7877 | D:9      | Gained Hawl as an ally
  8211 | D:9      | Reached **** piety under Beogh
  8212 | D:9      | Reached skill level 14 in Axes
  8431 | D:9      | Found a staircase to the Orcish Mines.
  8516 | D:10     | Entered Level 10 of the Dungeon
  8525 | D:10     | Gained Warbeogh as an ally
  8703 | D:10     | Found a flagged portal.
  8718 | Bailey   | Entered a bailey
  8767 | Bailey   | Reached XP level 11. HP: 78/94 MP: 17/17
  8929 | Bailey   | Noticed an orc knight
  8930 | Bailey   | Noticed an orc knight
  8952 | Bailey   | Killed an orc knight
  8953 | Bailey   | Reached skill level 15 in Axes
  8962 | Bailey   | Mangled by an orc knight

Illustrated notes

Levels and vault maps discovered:
D:1:      matt_arrival_spirals, layout_basic, dilly_ecumenical_altar_fadedgnrine
D:2:      layout_rooms, basic_altar
D:3:      layout_rooms, minmay_crystal_water, uniq_robin, uniq_jessica,
          uniq_ijyb
D:4:      layout_rooms, nemelex_xobeh_ov_fountains_minmay, serial_shops,
          nicolae_shop_trees, minmay_diced_spiral
D:5:      layout_loops_ring, nicolae_uskayaw_en_pointe
D:6:      old_forge, layout_cave_pools, minmay_temple_entry_arrows,
          chequers_hall_statues_wall_a, kennysheep_crisscross
D:7:      layout_loops_ring, gammafunk_ghost_necromancy
D:8:      layout_cave_pools, trog_three_pillars_becter, kennysheep_mini
D:9:      layout_loops_ring, mainiacjoe_overflow_tiny_flanked, david_orc_4,
          worms_lemuel
D:10:     layout_basic, kennysheep_little_box, enter_bailey_3,
          hangedman_weighted_door, grunt_decor_cap
Bailey:   bailey_axe_3, bailey

Skill      XL: |  1  2  3  4  5  6  7  8  9 10 11 |
---------------+----------------------------------+-----
Fighting       | 4 5 6 7 8 |  8.3
Axes           | 5 6 7 8 10 12 14 15 | 15.1
Armour         | 1 2 3 4 |  4.6
Dodging        | 3 4 |  4.8
Throwing       | 1 2 |  2.4
Invocations    | 2 4 6 8 |  8.9
Stealth        | 2 3 |  3.4

Action                   |  1- 3 |  4- 6 |  7- 9 | 10-12 || total
-------------------------+-------+-------+-------+-------++-------
Melee: Hand axe          |   122 |   198 |     4 |       ||   324
       Punch             |     1 |     1 |       |       ||     2
       Battleaxe         |       |       |   213 |   126 ||   339
Throw: Dart              |       |    13 |     9 |    29 ||    51
       Stone             |       |     6 |       |       ||     6
       Javelin           |       |       |       |     4 ||     4
Invok: Convert to Beogh  |       |       |     1 |       ||     1
       Recall Orcish Fol |       |       |       |     1 ||     1
Evoke: Wand              |       |       |       |     2 ||     2
  Use: Scroll            |       |     4 |    15 |       ||    19
       Potion            |       |       |       |     2 ||     2
 Stab: Sleeping          |       |       |     4 |     1 ||     5
Armor: Scale mail        |    52 |    74 |       |       ||   126
       Leather armour    |       |       |    94 |       ||    94
       Acid dragon scale |       |       |     6 |    64 ||    70
Dodge: Dodged            |    66 |    95 |   140 |    83 ||   384
